 Dungeon Crawl Stone Soup version 0.29.0 (webtiles) character file.

Game seed: 12194964629020234572

119 edsrzf the Conjurer (level 5, -5/35 HPs)
             Began as a Formicid Conjurer on Sept 3, 2022.
             Slain by an iguana (10 damage)
             ... on level 4 of the Dungeon.
             The game lasted 00:04:13 (3833 turns).

edsrzf the Conjurer (Formicid Conjurer)             Turns: 3833, Time: 00:04:13

Health: -5/35      AC:  3    Str: 12    XL:     5   Next: 24%
Magic:  7/10       EV: 12    Int: 19    God:
Gold:   163        SH:  0    Dex: 12    Spells: 8/11 levels left

rFire   . . .      SeeInvis +   a - +2 dagger (venom)
rCold   . . .      Faith    .   (no shield)
rNeg    . . .      Spirit   .   j - +0 robe
rPois   .          Reflect  .   (helmet unavailable)
rElec   .          Harm     .   (no cloak)
rCorr   .          Rampage  .   q - +0 pair of gloves
Will    .....                   (no boots)
Stlth   ++........              (no amulet)
HPRegen 0.11/turn               (no ring)
MPRegen 0.12/turn               (no ring)

@: no status effects
A: permanent stasis, dig shafts and tunnels, antennae 3, four strong arms
a: Dig, Shaft Self


You were on level 4 of the Dungeon.
You visited 1 branch of the dungeon, and saw 4 of its levels.

You collected 163 gold pieces.

Inventory:

Hand Weapons
 a - a +2 dagger of venom (weapon)
 r - a +1 flail of protection
 s - a +0 trident of venom
Armour
 j - a +0 robe (worn)
 q - a +0 pair of gloves (worn)
Scrolls
 c - 2 scrolls of enchant armour {unknown}
 e - 2 scrolls of enchant weapon {unknown}
 g - 2 scrolls of teleportation {unknown}
 h - 2 scrolls of poison {unknown}
 k - a scroll of identify {unknown}
 n - a scroll of fear {unknown}
 o - a scroll of butterflies {unknown}
 p - a scroll of immolation {unknown}
Potions
 b - 2 potions of magic
 d - a potion of resistance {unknown}
 f - 2 potions of degeneration {unknown}
 i - 2 potions of lignification
 l - 2 potions of might {unknown}
 m - 2 potions of mutation {unknown}


   Skills:
 - Level 1.7 Dodging
 - Level 2.4 Stealth
 + Level 3.9 Spellcasting
 + Level 4.7 Conjurations


You had 8 spell levels left.
You knew the following spells:

 Your Spells              Type           Power      Damage    Failure   Level
r - Searing Ray           Conj           42%        2d6       3%          2
X - Magic Dart            Conj           84%        1d7       1%          1

Your spell library contained the following spells:

 Spells                   Type           Power      Damage    Failure   Level
 Dazzling Flash           Conj/Hex       24%        N/A       16%         3
 Fulminant Prism          Conj/Hex       6%         3d7       45%         4
 Iskenderun's Mystic Bla  Conj/Tloc      12%        2d5       45%         4


Dungeon Overview and Level Annotations

Branches:
Dungeon (4/15)
 Temple: D:4-7

Altars:
Wu Jian

Shops:
D:3 [


Innate Abilities, Weirdness & Mutations

You cannot be hasted, slowed, berserked, paralysed or teleported.
You can dig through walls and to a lower floor.
You have a pair of large antennae on your head. (SInv)
Your four strong arms can wield two-handed weapons with a shield.


Message History

The orc shouts!
You hear a shout!
Casting: Magic Dart (safe; 1% risk of failure)
Confirm with . or Enter, or press ? or * to list all spells.
The magic dart hits the orc!
You kill the orc!
No target in view!
An orc comes into view. It is wielding a +0 dagger.
The orc shouts!
An orc comes into view. It is wielding a +0 dagger.
There are monsters nearby!
Casting: Magic Dart (safe; 1% risk of failure)
Confirm with . or Enter, or press ? or * to list all spells.
The magic dart hits the orc.
The orc is moderately wounded.
The orc shouts!
Casting: Magic Dart (safe; 1% risk of failure)
Confirm with . or Enter, or press ? or * to list all spells.
The magic dart hits the orc.
The orc is severely wounded.
An orc comes into view. It is wielding a +0 club.
Casting: Magic Dart (safe; 1% risk of failure)
Confirm with . or Enter, or press ? or * to list all spells.
The magic dart hits the orc.
The orc is almost dead.
Casting: Magic Dart (safe; 1% risk of failure)
Confirm with . or Enter, or press ? or * to list all spells.
The magic dart hits the orc.
You kill the orc!
Casting: Magic Dart (safe; 1% risk of failure)
Confirm with . or Enter, or press ? or * to list all spells.
The magic dart hits the orc.
The orc is moderately wounded.
Casting: Magic Dart (safe; 1% risk of failure)
Confirm with . or Enter, or press ? or * to list all spells.
The magic dart hits the orc.
The orc is severely wounded.
Casting: Magic Dart (safe; 1% risk of failure)
Confirm with . or Enter, or press ? or * to list all spells.
The magic dart hits the orc.
You kill the orc!
The orc hits you with a +0 club.
Things that are here:
a +0 dagger; an orc corpse You hit the orc.
The orc is poisoned.
The orc is heavily wounded.
The orc misses you.
You hit the orc.
You kill the orc!
Things that are here:
a +0 club; a +0 leather armour
Things that are here:
a +0 dagger; an orc corpse
Things that are here:
a +0 club; a +0 leather armour
Things that are here:
a +0 dagger; a +0 leather armour HP restored.
You see here a +0 mace.
Done exploring.
Done exploring.
(D) Dungeon
Where to? (Enter - D:3 @ (x,y), ? - help)
There is an open door here.
There is an entrance to Eceetsof's Antique Armour Boutique here.
There is a stone staircase leading down here.
You climb downwards.
The iguana hisses angrily.
You sense a monster nearby.
There is a stone staircase leading up here.
Autoexplore enabled for D:4
Casting: Magic Dart (safe; 1% risk of failure)
Confirm with . or Enter, or press ? or * to list all spells.
The magic dart hits the iguana but does no damage.
Casting: Magic Dart (safe; 1% risk of failure)
Confirm with . or Enter, or press ? or * to list all spells.
The magic dart hits the iguana.
The iguana is lightly wounded.
The orc shouts!
You hear a shout! x2
An orc comes into view. It is wielding a +0 falchion.
Casting: Magic Dart (safe; 1% risk of failure)
Confirm with . or Enter, or press ? or * to list all spells.
The magic dart hits the iguana.
The iguana is lightly wounded.
You hit the iguana.
The iguana is poisoned.
The iguana is heavily wounded.
An orc comes into view. It is wielding a +0 flail.
The iguana bites you.
You barely miss the iguana.
The iguana is heavily wounded.
An orc comes into view. It is wielding a +0 club.
The iguana bites you!
The orc shouts!
You hit the iguana but do no damage.
The iguana is heavily wounded.
The iguana bites you!
* * * LOW HITPOINT WARNING * * *
You open the door. The orc hits you with a +0 short sword.
* * * LOW HITPOINT WARNING * * *
The orc barely misses you. The iguana bites you!
You die...

#...# #...#
##...+ ....#
#...## #
+....##.##
#.##..l.....#
#.....@o....#
...###'#o###.#
... .o. .....
....o #.####
##..... ..
..... . .##.
..


You could see an iguana (very poisoned) and 4 orcs.

Vanquished Creatures
  Robin (D:2)
  3 adders
  A worm (D:3)
  7 orcs (D:3)
  5 ball pythons
  4 bats
  4 endoplasms
  2 giant cockroaches (D:1)
  11 goblins
  8 hobgoblins
  9 kobolds
  2 quokkas
  3 frilled lizards (D:1)
  7 rats
67 creatures vanquished.

Vanquished Creatures (others)
  5 plants (D:1)
5 creatures vanquished.

Grand Total: 72 creatures vanquished

Notes
Turn   | Place    | Note
-------+----------+-------------------------------------------
     0 | D:1      | edsrzf the Formicid Conjurer began the quest for the Orb.
     0 | D:1      | Reached XP level 1. HP: 13/13 MP: 3/3
   142 | D:1      | Reached XP level 2. HP: 19/19 MP: 3/5
   685 | D:1      | Reached skill level 4 in Conjurations
   787 | D:1      | Reached XP level 3. HP: 24/24 MP: 1/7
   866 | D:1      | Learned a level 2 spell: Searing Ray
   987 | D:1      | Reached skill level 3 in Spellcasting
  1351 | D:1      | Found a faded altar of an unknown god.
  1817 | D:2      | Found an ornate altar of the Wu Jian Council.
  1835 | D:2      | Noticed Robin
  1848 | D:2      | Identified 3 potions of lignification
  1855 | D:2      | Killed Robin
  1856 | D:2      | Reached XP level 4. HP: 10/30 MP: 4/8
  2857 | D:3      | Reached XP level 5. HP: 35/35 MP: 6/10
  3079 | D:3      | Found Eceetsof's Antique Armour Boutique.
  3833 | D:4      | Slain by an iguana

Illustrated notes

Levels and vault maps discovered:
D:1:      ebering_trefoil_twist, layout_basic,
          shapermc_ecumenical_altar_hornbeckon
D:2:      layout_loops_ring, basic_altar, uniq_robin
D:3:      layout_loops_ring, serial_shops, nicolae_shop_hallway_stairs
D:4:      nicolae_cairo_tiling, layout_basic, grunt_ministairs_13,
          uniq_crazy_yiuf_cottage, uniq_blork_the_orc, uniq_duvessa,
          uniq_sigmund

Skill      XL: |  1  2  3 |
---------------+----------+-----
Conjurations   | 4 |  4.7
Spellcasting   | 3 |  3.9
Dodging        | |  1.7
Stealth        | |  2.4

Action                   |  1- 3 |  4- 6 || total
-------------------------+-------+-------++-------
Melee: Unarmed           |     6 |       ||     6
       Dagger            |    10 |    11 ||    21
 Cast: Magic Dart        |    65 |    78 ||   143
  Use: Potion            |     1 |       ||     1
Armor: Robe              |     2 |       ||     2
       Skin              |     6 |       ||     6
Dodge: Dodged            |    10 |     7 ||    17
